 Dungeon Crawl Stone Soup version 0.18-a0-1180-g64ccc1e (webtiles) character file.

322144 PinkishYellow the Shatterer (level 21, -17/141 HPs)
             Began as a Gargoyle Fighter on Jan 22, 2016.
             Was the Champion of Okawaru.
             Demolished by a vault warden
             ... wielding a +0 war axe
              (33 damage)
             ... on level 2 of the Vaults on Jan 27, 2016.
             The game lasted 02:28:00 (39407 turns).

PinkishYellow the Shatterer (Gargoyle Fighter)     Turns: 39407, Time: 02:28:00

Health: -17/141    AC: 61    Str: 36    XL:     21   Next: 54%
Magic:  0/25       EV:  8    Int: 13    God:    Okawaru [******]
Gold:   2780       SH: 25    Dex: 12    Spells: 0 memorised, 20 levels left

rFire  . . .     SeeInvis +     U - +5 eveningstar (venom)
rCold  . . .     Gourm    .     m - +8 crystal plate armour of Distant Worlds {Int+2 Stlth+}
rNeg   + . .     Faith    .     c - +4 shield
rPois  ∞         Spirit   +     b - +2 hat {Spirit}
rElec  +         Dismiss  .     s - +2 cloak
rCorr  +         Reflect  +     K - +1 pair of gloves of Hadjma {rPois Str+2}
SustAt .         Harm     .     V - +2 pair of boots of the Assassin {DetectMon Stab+ Stlth++}
MR     +....                    g - +4 amulet of reflection
Stlth  ..........               M - ring "Xunimis" {rCorr +Inv Str+6 Stlth+}
                                Z - ring "Huz Qaodgh" {rElec Dex+3 SInv Stlth+}

@: flying, very slightly contaminated, somewhat resistant to hostile
enchantments, extremely unstealthy
A: big wings, horns 1, deterioration 1, low mp 1, negative energy resistance 1,
electricity resistance, unbreathing, petrification resistance, rot immunity, AC
+15
a: Stop Flying, Heroism, Finesse, Renounce Religion, Evoke Invisibility
}: 2/15 runes: decaying, serpentine


You were on level 2 of the Vaults.
You worshipped Okawaru.
Okawaru was exalted by your worship.
You were hungry.

You visited 8 branches of the dungeon, and saw 39 of its levels.
You visited the Abyss 1 time.
You visited 1 bazaar.
You also visited: Ice Cave.

You collected 4063 gold pieces.
You spent 1283 gold pieces at shops.

Inventory:

Hand Weapons
 U - a +5 eveningstar of venom (weapon)
Armour
 b - a +2 hat of spirit shield (worn)
 c - a +4 shield (worn)
 m - the +8 crystal plate armour of Distant Worlds (worn) {Int+2 Stlth+}
   (You acquired it on level 3 of the Swamp)

   It affects your intelligence (+2).
   It makes you more stealthy.
 s - a +2 cloak (worn)
 K - the +1 pair of gloves of Hadjma (worn) {rPois Str+2}
   (You acquired it on level 4 of the Lair of Beasts)

   It affects your strength (+2).
   It protects you from poison.
 V - the +2 pair of boots of the Assassin (worn) {DetectMon Stab+ Stlth++}
   (You acquired it on level 6 of the Lair of Beasts)

   It makes you much more stealthy.
Jewellery
 g - a +4 amulet of reflection (around neck)
 M - the ring "Xunimis" (right hand) {rCorr +Inv Str+6 Stlth+}
   (You bought it in a shop on level 2 of the Orcish Mines)

   [ring of resist corrosion]

   It affects your strength (+6).
   It lets you turn invisible.
   It makes you more stealthy.
 Z - the ring "Huz Qaodgh" (left hand) {rElec Dex+3 SInv Stlth+}
   (You took it off a deep elf demonologist on level 3 of the Elven Halls)

   [ring of dexterity]

   It affects your dexterity (+3).
   It insulates you from electricity.
   It lets you see invisible.
   It makes you more stealthy.
Wands
 e - a wand of fireball (7/15)
 h - a wand of heal wounds (7/9)
 n - a wand of magic darts (27/48)
 C - a wand of paralysis (13/24)
 W - a wand of digging (10/24)
Scrolls
 d - 7 scrolls of amnesia
 i - a scroll of holy word
 r - 17 scrolls of remove curse
 w - a scroll of recharging
 z - 3 scrolls of blinking
 B - 4 scrolls of fog
 D - 7 scrolls of magic mapping
 N - 4 scrolls of fear
 S - 7 scrolls of teleportation
Potions
 j - 4 potions of brilliance
 k - a potion of berserk rage
 l - 9 potions of curing
 t - 2 potions of magic
 A - a potion of resistance
 H - 3 potions of agility
 O - 2 potions of haste
 Q - 4 potions of cancellation
Books
 v - a book of Geomancy

   Spells                             Type                      Level
   a - Sandblast                      Earth                        1
   b - Stoneskin                      Transmutation/Earth          2
   c - Passwall                       Transmutation/Earth          3
   d - Stone Arrow                    Conjuration/Earth            3
   e - Petrify                        Transmutation/Earth          4
   f - Lee's Rapid Deconstruction     Earth                        5
 R - a book of the Earth

   Spells                             Type                      Level
   a - Leda's Liquefaction            Hexes/Earth                  4
   b - Bolt of Magma                  Conjuration/Fire/Earth       5
   c - Statue Form                    Transmutation/Earth          6
   d - Iron Shot                      Conjuration/Earth            6
   e - Shatter                        Earth                        9
Miscellaneous
 o - a phial of floods
 q - a plain deck of summoning
 u - a sack of spiders
 y - a plain deck of summoning
 J - a plain deck of changes
 L - a legendary deck of summoning
 P - a plain deck of summoning
Comestibles
 a - 3 royal jellies
 f - 12 bread rations
 p - 14 chunks of flesh
 E - 23 beef jerkies
 F - 21 meat rations
 G - 10 slices of pizza


   Skills:
 + Level 18.1 Fighting
 * Level 21.0 Maces & Flails
 + Level 18.4 Armour
 + Level 18.3 Shields
 - Level 10.0 Invocations


You had 20 spell levels left.
You didn't know any spells.

Dungeon Overview and Level Annotations

Branches:
Dungeon (15/15)            Temple (1/1) D:7            Lair (8/8) D:9
  Swamp (4/4) Lair:5        Snake (4/4) Lair:4        Slime (0/6) Lair:7
    Orc (2/2) D:11            Elf (3/3) Orc:2        Vaults (2/5) D:13
 Depths (0/5) D:15
  Crypt: Vaults:2-3

Altars:
Ashenzari
Cheibriados
Dithmenos
Elyvilon
Fedhas
Gozag
Kikubaaqudgha
Makhleb
Nemelex Xobeh
Okawaru
Pakellas
Qazlal
Ru
Sif Muna
Trog
Vehumet
Xom
Yredelemnul
Zin
The Shining One
Beogh
Jiyva

Shops:
D:14 }   D:15 *   Orc:2 *(=   Elf:2 }   Snake:4 [   Vaults:2 [

Annotations:
Vaults:2 Mara


Innate Abilities, Weirdness & Mutations

You are resistant to torment.
Your stone body is resilient (AC +15).
You are immune to poison.
Your large and strong wings let you fly indefinitely.
You resist negative energy.
You are resistant to electric shocks.
You can survive without breathing.
You are immune to petrification.
You are immune to rotting.
You have a pair of small horns on your head.
Your body sometimes deteriorates upon taking damage.
Your magical capacity is low (-10% MP).


Message History

A vampire mosquito comes into view.
You are too injured to fight recklessly!
You are too injured to fight recklessly!
You are too injured to fight recklessly!
Unknown command.
You are too injured to fight recklessly!
You barely miss the stone giant. You headbutt the stone giant!
The stone giant is moderately wounded.
The vampire mosquito moves out of view.
You block the stone giant's attack. You block the vault warden's attack.
A vampire mosquito and a battlesphere come into view.
The vampire mosquito buzzes angrily.
You bludgeon the stone giant!!
You headbutt the stone giant, but do no damage.
The stone giant is heavily wounded.
You hear an angry buzzing noise.
The vampire mosquito moves out of view.
You block the stone giant's attack.
The vault guard hits you but does no damage.
The vault warden hits you with a war axe!!
You die...

### ..# #..# ...#
y.. #######+##
####C####....R$...#
#..@....#.........#
#.ppp..R#.........#
#.......'.........#
#e......O.........#
#..u....#@........#
#u......#R........#
#*......#.........#
u########.........#
########O##


You could see 2 Maras, a stone giant, a vault warden, 2 vault guards, 3 ugly
things, a deep elf mage, a vampire mosquito, an ogre, a battlesphere and
PinkishYellow's illusion.

Vanquished Creatures
  A deep elf master archer (Elf:3)
  2 deep elf blademasters (Elf:3)
  Gastronok (Lair:1)
  A tentacled starspawn (Abyss:3)
  Agnes (Elf:1)
  A thorn hunter (Swamp:4)
  8 greater nagas
  Donald (Elf:1)
  Wiglaf (Snake:3)
  10 deep elf sorcerers
  2 vault wardens (Vaults:2)
  4 deep elf elementalists (Elf:3)
  3 orc warlords
  An ironheart preserver (Vaults:1)
  A stone giant (Vaults:2)
  Azrael (D:14)
  3 deep elf demonologists (Elf:3)
  6 deep elf annihilators (Elf:3)
  7 deep elf death magi
  A vault guard (D:13)
  5 deep elf high priests (Elf:3)
  Erolcha (D:9)
  A yaktaur captain (Vaults:1)
  Fannar (Lair:2)
  Josephine (Lair:7)
  2 ogre magi
  A fire dragon (Vaults:2)
  A rakshasa (Vaults:1)
  16 naga warriors
  An ice dragon (Vaults:1)
  2 catoblepae
  A ghost crab (Swamp:4)
  28 hydras
  2 centaur warriors
  Erica (Lair:1)
  A death knight (D:12)
  8 anacondas
  A deep troll shaman (Vaults:1)
  9 alligators
  6 naga sharpshooters
  Urug (Lair:1)
  28 dancing weapons
  2 orc high priests
  A tengu warrior (D:14)
  5 shock serpents
  Nergalle (Orc:1)
  A spriggan berserker (Swamp:4)
  7 spriggans
  22 deep elf knights
  A salamander mystic (Snake:3)
  10 skeletal warriors
  8 sea snakes (Snake:4)
  2 giant orange brains
  5 large abominations (Abyss:3)
  2 unseen horrors
  7 swamp dragons (Swamp:4)
  4 deep trolls
  10 naga ritualists
  6 hill giants
  5 shambling mangroves
  3 ironbrand convokers
  Pikel (D:7)
  10 deep elf archers
  66 deep elf magi
  2 phantasmal warriors (D:12)
  3 griffons
  2 necromancers
  4 orc knights
  10 mana vipers
  14 ugly things
  An oklob plant (Lair:8)
  2 wizards (Vaults:1)
  4 cyclopes
  A salamander (shapeshifter) (Vaults:2)
  5 orc sorcerers (Orc:2)
  2 wolf spiders
  3 hornets (Lair:8)
  10 salamanders
  Maurice (D:13)
  A guardian serpent (shapeshifter) (D:15)
  13 guardian serpents
  3 vault sentinels
  37 black mambas
  2 ice statues (IceCv)
  13 naga magi
  20 elephants
  Joseph (D:8)
  3 gargoyles
  28 spiny frogs
  A kobold demonologist (D:14)
  10 komodo dragons
  An efreet (D:15)
  7 yaktaurs (Vaults:1)
  A freezing wraith (D:14)
  7 ice devils (IceCv)
  2 ancient zymes (Abyss:3)
  A fire drake (Lair:4)
  8 trolls
  6 giant leeches
  A jumping spider (shapeshifter) (Vaults:2)
  9 polar bears (Lair:8)
  4 small abominations
  3 two-headed ogres
  A wolf spider simulacrum (Vaults:1)
  A giant leech (shapeshifter) (D:15)
  6 raiju
  27 slime creatures
  24 blink frogs
  2 boulder beetles
  6 bog bodies
  A fire giant simulacrum (Vaults:2)
  An air elemental (Elf:2)
  2 shadows
  4 wyverns
  A ynoxinul (Abyss:3)
  A fire bat (shapeshifter) (Vaults:1)
  A tarantella (shapeshifter) (D:15)
  A vampire (D:15)
  6 wraiths
  3 fire elementals (D:14)
  22 humans (D:13)
  A water elemental (Elf:1)
  4 basilisks
  6 hippogriffs
  2 hungry ghosts
  55 yaks
  26 wolves
  A neqoxec (Abyss:3)
  26 vampire mosquitoes
  31 swamp worms
  48 nagas
  A mottled dragon (D:15)
  A chaos spawn (Abyss:3)
  2 soldier ants
  10 wargs
  3 insubstantial wisps (Swamp:3)
  A hell hound (shapeshifter) (D:12)
  32 water moccasins
  13 porcupines
  7 hell hounds
  11 swamp drakes
  37 orc warriors
  13 black bears
  2 slaves (D:7)
  17 ogres
  9 ice beasts
  A sky beast (D:5)
  A necrophage (D:9)
  2 eyes of draining
  A phantom (D:6)
  20 wasps
  14 centaurs
  7 boggarts (Vaults:1)
  17 crocodiles
  7 big kobolds
  28 giant frogs
  3 earth elementals
  5 scorpions
  8 wights
  3 electric eels
  6 crimson imps
  A giant frog zombie (D:10)
  A quasit (D:13)
  4 centaur zombies
  5 jellies
  26 orc priests
  A gnoll shaman (D:7)
  16 hounds
  27 orc wizards
  Crazy Yiuf (D:6)
  5 centaur skeletons
  2 giant frog skeletons
  13 iguanas
  11 worker ants
  20 sheep
  A hound zombie (D:5)
  3 worker ant zombies
  9 gnolls
  21 adders
  74 river rats
  2 shadow imps
  6 white imps (IceCv)
  6 ufetubi (IceCv)
  An ooze (D:3)
  4 worms
  4 giant geckos
  128 orcs
  2 ball pythons
  4 giant cockroaches
  2 gnoll zombies (D:8)
  5 goblins
  9 hobgoblins
  13 jackals
  5 quokkas
  24 bats
  4 giant newts
  28 kobolds
  4 quokka skeletons
  17 rats
  2 fungi (Lair:8)
  A starspawn tentacle (Abyss:3)
1703 creatures vanquished.

Vanquished Creatures (others)
  2 deep elf elementalists (Elf:3)
  A centaur warrior (Vaults:2)
  2 naga sharpshooters
  A deep elf knight (Elf:2)
  7 deep elf archers
  An orc knight (Vaults:2)
  2 deep elf magi
  A cyclops (D:15)
  2 naga magi
  A yaktaur (Vaults:1)
  A komodo dragon (Lair:8)
  A freezing wraith (Vaults:2)
  A water elemental (Elf:2)
  2 nagas
  A swamp worm (Swamp:4)
  A wasp (Swamp:4)
  5 centaurs
  An ogre (D:9)
  A jelly (D:9)
  A hound (Lair:8)
  An orc wizard (Vaults:2)
  A white imp (IceCv)
  4 ufetubi (IceCv)
  A bat (D:9)
  3 rats (D:9)
  48 fungi
  27 plants
  2 starspawn tentacles (Abyss:3)
  14 starspawn tentacle segments (Abyss:3)
136 creatures vanquished.

Grand Total: 1839 creatures vanquished

Notes
Turn   | Place    | Note
--------------------------------------------------------------
     0 | D:1      | PinkishYellow the Gargoyle Fighter began the quest for the Orb.
     0 | D:1      | Reached XP level 1. HP: 14/14 MP: 1/1
   322 | D:1      | Reached XP level 2. HP: 19/19 MP: 2/2
   725 | D:1      | Upgraded the game from 0.18-a0-1147-g8e8348b to 0.18-a0-1160-geb89fc2
   828 | D:2      | Reached XP level 3. HP: 10/23 MP: 3/3
  1292 | D:2      | Reached XP level 4. HP: 29/29 MP: 4/4
  1339 | D:2      | Found an iron altar of Okawaru.
  1347 | D:2      | Became a worshipper of Warmaster Okawaru
  1404 | D:2      | Reached skill level 4 in Armour
  1760 | D:2      | Found a shimmering altar of Xom.
  2588 | D:4      | Reached XP level 5. HP: 33/33 MP: 5/5
  2624 | D:4      | Noticed an ogre
  2630 | D:4      | Killed an ogre
  2630 | D:4      | Reached XP level 6. HP: 28/39 MP: 6/6
  2754 | D:4      | Reached * piety under Okawaru
  2849 | D:4      | Found a shadowy altar of Dithmenos.
  3302 | D:5      | Entered Level 5 of the Dungeon
  3357 | D:5      | Found a shattered altar of Ashenzari.
  3372 | D:5      | Got a brightly glowing ring mail
  3383 | D:5      | Identified the +5 ring mail of Honour {rElec rC+ Regen+ Int-5} (You found it on level 5 of the Dungeon)
  3457 | D:5      | Noticed a water moccasin
  3468 | D:5      | Reached XP level 7. HP: 44/44 MP: 7/7
  3497 | D:5      | Reached skill level 5 in Fighting
  3497 | D:5      | Reached skill level 5 in Maces & Flails
  3502 | D:5      | Reached skill level 5 in Armour
  3525 | D:5      | Reached ** piety under Okawaru
  3550 | D:5      | Reached skill level 5 in Shields
  3621 | D:5      | Found a bloodstained altar of Trog.
  3675 | D:5      | Reached skill level 6 in Maces & Flails
  3720 | D:5      | Reached XP level 8. HP: 50/50 MP: 8/8
  4238 | D:6      | Reached *** piety under Okawaru
  4307 | D:6      | Reached skill level 7 in Maces & Flails
  4558 | D:6      | Reached XP level 9. HP: 3/56 MP: 9/9
  4564 | D:6      | Reached **** piety under Okawaru
  4741 | D:6      | Noticed Crazy Yiuf
  4747 | D:6      | Killed Crazy Yiuf
  4923 | D:6      | Reached skill level 8 in Maces & Flails
  5402 | D:7      | Found a staircase to the Ecumenical Temple.
  5417 | Temple   | Entered the Ecumenical Temple
  5839 | D:7      | Noticed Pikel
  5853 | D:7      | Killed Pikel
  6080 | D:8      | Noticed Joseph
  6099 | D:8      | Killed Joseph
  6099 | D:8      | Reached skill level 9 in Maces & Flails
  6178 | D:8      | Reached ***** piety under Okawaru
  6178 | D:8      | Reached XP level 10. HP: 63/63 MP: 10/10
  6233 | D:8      | Reached skill level 1 in Invocations
  6432 | D:8      | Received a gift from Okawaru
  6455 | D:8      | Noticed a two-headed hydra
  6464 | D:8      | Killed a two-headed hydra
  6665 | D:8      | Found a white marble altar of Elyvilon.
  6697 | D:8      | Found a bloodstained altar of Trog.
  6724 | D:8      | Received a gift from Okawaru
  6966 | D:8      | Found a basalt altar of Yredelemnul.
  7679 | D:9      | Reached XP level 11. HP: 66/69 MP: 14/14
  7738 | D:9      | Reached skill level 10 in Maces & Flails
  7761 | D:9      | Noticed Erolcha
  7784 | D:9      | Killed Erolcha
  7903 | D:9      | Received a gift from Okawaru
  8108 | D:9      | Found a radiant altar of Vehumet.
  8124 | D:9      | Found a shattered altar of Ashenzari.
  8316 | D:9      | Found a staircase to the Lair.
  8441 | Lair:1   | Entered Level 1 of the Lair of Beasts
  8449 | Lair:1   | Reached skill level 5 in Invocations
  8474 | Lair:1   | Noticed Erica
  8516 | Lair:1   | Killed Erica
  8519 | Lair:1   | Received a gift from Okawaru
  8524 | Lair:1   | Got a slimy hat {god gift}
  8565 | Lair:1   | Identified the +0 hat of Hedging {*Corrode rC+++ rN+++ Stlth-} (Okawaru gifted it to you on level 1 of the Lair of Beasts)
  8653 | Lair:1   | Noticed Gastronok
  8679 | Lair:1   | Killed Gastronok
  8824 | Lair:1   | Reached XP level 12. HP: 68/77 MP: 14/16
  8846 | Lair:1   | Reached skill level 10 in Fighting
  8880 | Lair:1   | Noticed Urug
  8883 | Lair:1   | Reached skill level 10 in Armour
  8905 | Lair:1   | Killed Urug
  8905 | Lair:1   | Reached skill level 11 in Maces & Flails
  8905 | Lair:1   | Reached skill level 10 in Shields
  9079 | Lair:2   | Noticed a four-headed hydra
  9157 | Lair:2   | Got a distressingly furry scale mail
  9168 | Lair:2   | Identified the +2 scale mail of Daffodils {rN+ Dex+2 SInv} (You found it on level 2 of the Lair of Beasts)
  9204 | Lair:2   | Noticed Fannar
  9281 | Lair:2   | Killed Fannar
  9408 | Lair:2   | Received a gift from Okawaru
  9685 | Lair:2   | Killed a four-headed hydra
 10695 | Lair:2   | Upgraded the game from 0.18-a0-1160-geb89fc2 to 0.18-a0-1164-g7046a04
 11429 | Lair:3   | Received a gift from Okawaru
 11429 | Lair:3   | Reached XP level 13. HP: 81/84 MP: 17/19
 12088 | Lair:4   | Identified a scroll of acquirement
 12089 | Lair:4   | Got a pair of steaming gloves
 12095 | Lair:4   | Identified the +1 pair of gloves of Hadjma {rPois Str+2} (You acquired it on level 4 of the Lair of Beasts)
 12243 | Lair:4   | Found a staircase to the Snake Pit.
 12517 | Lair:4   | Reached ****** piety under Okawaru
 12526 | Lair:4   | Received a gift from Okawaru
 12795 | Lair:5   | Reached skill level 12 in Maces & Flails
 12876 | Lair:5   | Got a slimy ring mail
 12887 | Lair:5   | Identified the cursed +1 ring mail "Ziedisim" {-Tele Str+3 Dex+5} (You found it on level 5 of the Lair of Beasts)
 13203 | Lair:5   | Found a staircase to the Swamp.
 14412 | Lair:7   | Received a gift from Okawaru
 14444 | Lair:7   | Gained mutation: Your large and strong wings let you fly indefinitely. [Gargoyle growth]
 14444 | Lair:7   | Reached XP level 14. HP: 92/92 MP: 21/21
 14521 | Lair:7   | Found a viscous altar of Jiyva.
 14521 | Lair:7   | Found a staircase to the Slime Pits.
 14801 | Lair:7   | Noticed Josephine
 14825 | Lair:7   | Killed Josephine
 14989 | Lair:7   | Received a gift from Okawaru
 15010 | Lair:7   | Reached skill level 10 in Invocations
 15284 | Lair:8   | Entered Level 8 of the Lair of Beasts
 15333 | Lair:8   | Found a frozen archway.
 15349 | IceCv    | Entered an ice cave
 16417 | IceCv    | Identified the Grimoire of Aid and the Compass
 16540 | Lair:8   | Reached skill level 13 in Maces & Flails
 17005 | Lair:8   | Received a gift from Okawaru
 17144 | Lair:8   | Reached XP level 15. HP: 45/97 MP: 12/22
 17574 | Lair:8   | Received a gift from Okawaru
 17834 | Lair:8   | Reached skill level 14 in Maces & Flails
 18121 | Lair:8   | Upgraded the game from 0.18-a0-1164-g7046a04 to 0.18-a0-1180-g64ccc1e
 18277 | D:10     | Entered Level 10 of the Dungeon
 18316 | D:10     | Found an opulent altar of Gozag.
 19184 | D:11     | Found a staircase to the Orcish Mines.
 19891 | Orc:1    | Entered Level 1 of the Orcish Mines
 19913 | Orc:1    | You fall through a shaft!
 19913 | Orc:2    | Entered Level 2 of the Orcish Mines
 19913 | Orc:2    | Found Cusish's Antique Armour Shoppe.
 19923 | Orc:2    | Paralysed by an orc sorcerer for 7 turns
 20099 | Orc:2    | Found Suibrid's General Store.
 20110 | Orc:2    | Noticed an orc warlord
 20175 | Orc:2    | Killed an orc warlord
 20215 | Orc:2    | Found a staircase to the Elven Halls.
 20215 | Orc:2    | Found Obityruy's Antique Weapon Shoppe.
 20268 | Orc:2    | Noticed an orc warlord
 20274 | Orc:2    | Received a gift from Okawaru
 20279 | Orc:2    | Killed an orc warlord
 20341 | Orc:2    | Found Xadottam's Jewellery Boutique.
 20386 | Orc:2    | Bought the ring "Xunimis" {rCorr +Inv Str+6 Stlth+} for 642 gold pieces
 20555 | Orc:1    | Noticed Nergalle
 20567 | Orc:1    | Killed Nergalle
 20942 | Orc:1    | Noticed an orc warlord
 20960 | Orc:1    | Killed an orc warlord
 21056 | Orc:1    | Found a roughly hewn altar of Beogh.
 21911 | D:12     | Got a twisted morningstar
 21917 | D:12     | Identified the +5 morningstar "Xiosebur" {speed, *Confuse +Blink Dex+9 Stlth+} (You found it on level 12 of the Dungeon)
 22034 | D:12     | Received a gift from Okawaru
 22039 | D:12     | Got a faintly humming hat {god gift}
 22052 | D:12     | Identified the +0 hat of Rationality {rCorr} (Okawaru gifted it to you on level 12 of the Dungeon)
 22601 | D:12     | Reached XP level 16. HP: 103/105 MP: 23/23
 22637 | D:12     | Reached skill level 15 in Maces & Flails
 23125 | D:13     | Got a ring of the Octopus King
 23175 | D:13     | Identified a ring of the Octopus King {SustAt AC+1 EV+1 Str+1 Int+1 Dex+1} (You found it on level 13 of the Dungeon)
 23231 | D:13     | Found a gate to the Vaults.
 23432 | D:13     | Noticed Maurice
 23435 | D:13     | Killed Maurice
 24451 | D:14     | Noticed Azrael
 24468 | D:14     | Killed Azrael
 24468 | D:14     | Received a gift from Okawaru
 24469 | D:14     | Got a jewelled quarterstaff {god gift}
 24560 | D:14     | Found Liequ's Gadget Shop.
 24844 | D:15     | Entered Level 15 of the Dungeon
 24952 | D:15     | Found Jom Qoz's Assorted Antiques.
 24956 | D:15     | Bought a scroll of holy word for 285 gold pieces
 24956 | D:15     | Bought a scroll of identify for 76 gold pieces
 25167 | D:15     | Noticed a storm dragon
 25167 | D:15     | an emperor scorpion changed into a storm dragon
 25168 | D:15     | a storm dragon changed into a minotaur
 25169 | D:15     | Found a staircase to the Depths.
 25269 | D:15     | Reached skill level 16 in Maces & Flails
 25797 | D:14     | Received a gift from Okawaru
 26026 | Snake:1  | Entered Level 1 of the Snake Pit
 26064 | Snake:1  | Reached skill level 15 in Armour
 26115 | Snake:1  | Reached XP level 17. HP: 108/112 MP: 24/24
 26827 | Snake:2  | Reached skill level 15 in Shields
 27098 | Snake:2  | Gained mutation: You have a pair of small horns on your head. [potion of beneficial mutation]
 27154 | Snake:2  | Reached skill level 15 in Fighting
 27388 | Snake:3  | Noticed Wiglaf
 27408 | Snake:3  | Killed Wiglaf
 27573 | Snake:3  | Received a gift from Okawaru
 27759 | Snake:3  | Reached skill level 17 in Maces & Flails
 28758 | Snake:4  | Entered Level 4 of the Snake Pit
 28758 | Snake:4  | Found an iron altar of Okawaru.
 28883 | Snake:4  | Found Afysob's Antique Armour Shop.
 28998 | Snake:4  | Reached XP level 18. HP: 114/119 MP: 20/25
 29350 | Snake:4  | Received a gift from Okawaru
 29470 | Snake:4  | Reached skill level 18 in Maces & Flails
 29596 | Snake:4  | Received a gift from Okawaru
 29604 | Snake:4  | Got a scorched shield {god gift}
 29615 | Snake:4  | Identified the +1 shield of Sunlight {*Confuse Str+4 Dex+4} (Okawaru gifted it to you on level 4 of the Snake Pit)
 29790 | Snake:4  | Got a serpentine rune of Zot
 30124 | Swamp:1  | Entered Level 1 of the Swamp
 31092 | Swamp:2  | You are sucked into a shaft!
 31154 | Swamp:3  | Got a pair of heavily runed gloves
 31165 | Swamp:3  | Identified the +2 pair of gloves of Starshine {rC+} (You found it on level 3 of the Swamp)
 31230 | Swamp:3  | Got a fine crystal plate armour
 31241 | Swamp:3  | Identified the +8 crystal plate armour of Distant Worlds {Int+2 Stlth+} (You acquired it on level 3 of the Swamp)
 31863 | Swamp:4  | Entered Level 4 of the Swamp
 32126 | Swamp:4  | Reached XP level 19. HP: 117/125 MP: 23/26
 32441 | Swamp:4  | Received a gift from Okawaru
 32647 | Swamp:4  | Got a decaying rune of Zot
 33034 | Elf:1    | Entered Level 1 of the Elven Halls
 33038 | Elf:1    | Noticed Donald
 33055 | Elf:1    | Killed Donald
 33145 | Elf:1    | Reached skill level 19 in Maces & Flails
 33781 | Elf:1    | Noticed Agnes
 33797 | Elf:1    | Killed Agnes
 34571 | Elf:2    | Found Igeclit's Quality Used Wands.
 34731 | Elf:2    | Found a runed gate.
 34731 | Elf:2    | Found a runed gate.
 34731 | Elf:2    | Found a runed gate.
 34845 | Elf:2    | Reached XP level 20. HP: 133/133 MP: 27/27
 34900 | Elf:2    | Gained mutation: Your body sometimes deteriorates upon taking damage. [a neqoxec]
 34912 | Elf:2    | Received a gift from Okawaru
 35333 | Elf:3    | Entered Level 3 of the Elven Halls
 35914 | Elf:3    | Reached skill level 20 in Maces & Flails
 36327 | Elf:3    | Cast into level 3 of the Abyss (a deep elf sorcerer)
 36586 | Abyss:3  | Noticed a hellephant
 36619 | Abyss:3  | Found a corrupted altar of Lugonu.
 36670 | Elf:3    | Escaped the Abyss
 37205 | Elf:3    | Received a gift from Okawaru
 37271 | Elf:3    | Got a bound copper ring
 37304 | Elf:3    | Reached XP level 21. HP: 91/140 MP: 17/28
 37316 | Elf:3    | Identified the ring of Zin's Esteem {*Tele +Blink rN+} (You took it off a deep elf sorcerer on level 3 of the Elven Halls)
 37450 | Elf:3    | Got a flickering tin ring
 37478 | Elf:3    | Identified the ring "Huz Qaodgh" {rElec Dex+3 SInv Stlth+} (You took it off a deep elf demonologist on level 3 of the Elven Halls)
 37495 | Elf:3    | Identified the Volume of Torrid Confrontation (You found it on level 3 of the Elven Halls)
 37499 | Elf:3    | Identified the Compendium of Hurtful Air (You found it on level 3 of the Elven Halls)
 37522 | Elf:3    | Got a smoking lapis lazuli ring
 37529 | Elf:3    | Got a fine lead ring
 37544 | Elf:3    | Identified the ring "Mymetic" {rC+ AC+3 SInv} (You found it on level 3 of the Elven Halls)
 37546 | Elf:3    | Identified the ring "Bafreg" {rCorr *Contam MP+9 Slay+5} (You found it on level 3 of the Elven Halls)
 37556 | Elf:3    | Gained mutation: Your magical capacity is low (-10% MP). [mutagenic glow]
 37935 | Vaults:1 | Entered Level 1 of the Vaults
 38843 | Vaults:1 | Received a gift from Okawaru
 38851 | Vaults:1 | Got a scorched flail {god gift}
 38852 | Vaults:1 | Identified the +1 flail of Collusion {holy, +Rage MR- Int+3 Dex+3} (Okawaru gifted it to you on level 1 of the Vaults)
 39150 | Vaults:2 | Found a flickering gateway to a bazaar.
 39150 | Vaults:2 | Found Sisatip's Armour Shoppe.
 39156 | Bazaar   | Entered a bazaar
 39158 | Bazaar   | Found Ycsyuh's Book Boutique.
 39162 | Bazaar   | Bought a book of Geomancy for 280 gold pieces
 39162 | Bazaar   | Found Leson's Weapon Boutique.
 39162 | Bazaar   | Found Zack's Antique Weapon Boutique.
 39163 | Bazaar   | Found Qelus's Antique Weapon Boutique.
 39310 | Vaults:2 | Noticed Mara
 39314 | Vaults:2 | Reached skill level 21 in Maces & Flails
 39350 | Vaults:2 | Noticed PinkishYellow's illusion
 39407 | Vaults:2 | Demolished by a vault warden

Vault maps used:
D:1:      evilmike_arrival_fibonacci_small
D:2:      kennysheep_okawaru_gauntlet, nicolae_overflow_hidden_temple,
          first_bread, guppyfry_early_lair_pool
D:4:      grunt_dithmenos_smoke_and_mirrors, patterned_corridor
D:5:      basic_altar, trog_three_pillars_becter
D:6:      uniq_crazy_yiuf_cottage
D:7:      minmay_temple_entry_glassed_door, uniq_pikel
D:8:      lightli_temple_of_fire, nicolae_overflow_crystal_walls,
          lemuel_zombie_altar_yredelemnul, hangedman_ranch, uniq_joseph
D:9:      fiery_altar_vehumet, lemuel_round_altar,
          grunt_lair_entry_orc_guard_hut, special_room, st_stairs_1,
          uniq_erolcha
D:10:     grunt_gozag_breadcrumbs
D:11:     david_orc_3
D:13:     grunt_vaults_entry_tiered, grunt_ministairs_11, uniq_maurice
D:14:     serial_shops, shop, minmay_tree_intersection, st_stairs_10,
          uniq_azrael
D:15:     gammafunk_enter_depths_forms, serial_shops, shop, corexii_corridor_pit
Temple:   hc_temple_tempest_star
Lair:1:   grunt_megastairs_4, uniq_gastronok, uniq_urug, uniq_erica
Lair:2:   grunt_megastairs_2, bh_autumn_forest_stairs, uniq_fannar
Lair:3:   minivault_24, beast_lair_carwin_10, grunt_megastairs_5,
          serial_bayou_shore_a
Lair:4:   guppyfry_snake_entry_garden
Lair:5:   nicolae_swamp_entry_splash_gauntlet, lemuel_fruit_fields
Lair:6:   st_stairs_5
Lair:7:   slime_altar_1, uniq_josephine
Lair:8:   hangedman_lair_caniforms_friends, hangedman_lair_tendril_chambers,
          portal_ice_cave_entry_pillars_02
Swamp:1:  evilmike_swamp_ruin_house_3
Swamp:2:  evilmike_swamp_ruin_rubble_1, nicolae_swamp_round_clearing,
          swamp_pool2
Swamp:3:  hangedman_swamp_pad
Swamp:4:  swamp_basic_johnstein, nicolae_swamp_very_dense_foliage
Snake:1:  grunt_ministairs_3
Snake:2:  spider_trap, grunt_ministairs_3, st_stairs_9
Snake:3:  uniq_wiglaf
Snake:4:  grunt_snake_rune_pools, serial_shops, nicolae_shop_stone, basic_altar
Orc:1:    minmay_orc_temple_c, uniq_nergalle
Orc:2:    grunt_orc_gardens, grunt_orc_garden, grunt_orc_garden,
          grunt_orc_garden, grunt_orc_garden
Elf:1:    eino_elf_arrival_the_gate, hangedman_elven_crosses_minicolossus,
          uniq_agnes, uniq_donald
Elf:2:    grunt_ministairs_2, nicolae_for_you_no_charge
Elf:3:    minmay_elf_hall_four_x, fountainhead
Vaults:1: hangedman_vaults_snaps, hangedman_vaults_river_flow, v_rooms_2,
          vaults_dpeg_encased_lava, vaults_dpeg_ring, v_alt_pattern_4,
          grunt_vaults_funnel, vaults_mumra_hexcomb, nicolae_vaults_little_ls
Vaults:2: ontoclasm_vaults_pinch, vaults_mumra_minichess,
          vaults_standard_mumra_enter_the_diamond,
          nicolae_vaults_yaktaur_gun_rack, nicolae_vaults_ninety_degrees,
          hangedman_vaults_pinch, hangedman_vaults_stagger,
          ontoclasm_vaults_shuriken, vaults_room_stairs_pillars, enter_trove_5,
          serial_shops, bzr_entry_gold, shop, nicolae_shop_overgrown_old_shop,
          uniq_mara
Abyss:3:  hangedman_decor_peaks_small
Bazaar:   bazaar_minmay_cross
IceCv:    ice_cave_small_demon

Action                   |  1- 3 |  4- 6 |  7- 9 | 10-12 | 13-15 | 16-18 | 19-21 || total
-------------------------+-------+-------+-------+-------+-------+-------+-------++-------
Melee: Flail             |   189 |   213 |   419 |   251 |       |       |       ||  1072
       Morningstar       |       |       |       |   754 |     6 |       |       ||   760
       Eveningstar       |       |       |       |       |  1888 |  1740 |  1445 ||  5073
Throw: Javelin           |       |       |       |       |    10 |    12 |       ||    22
Invok: Heroism           |       |       |       |     3 |     7 |     7 |     4 ||    21
       Finesse           |       |       |       |     1 |     3 |     2 |     4 ||    10
 Abil: Fly               |       |       |       |       |       |     5 |     1 ||     6
Evoke: Wand              |       |       |     1 |       |       |       |     2 ||     3
  Use: Scroll            |       |     9 |     9 |    19 |    20 |    15 |    11 ||    83
       Potion            |       |     1 |     6 |     2 |     7 |    10 |    13 ||    39
 Stab: Sleeping          |       |       |       |       |     7 |     4 |       ||    11
       Invisible         |       |       |       |       |     4 |       |       ||     4
       Distracted        |       |       |       |       |     1 |       |       ||     1
  Eat: Chunk             |     2 |     6 |     7 |    14 |    30 |    19 |    19 ||    97
       Fruit             |       |     1 |     3 |     1 |     8 |    15 |     3 ||    31
       Meat ration       |       |       |     1 |     1 |       |       |       ||     2
       Bread ration      |       |       |       |       |     1 |     1 |       ||     2
       Beef jerky        |       |       |       |       |       |       |     2 ||     2
